 Dungeon Crawl Stone Soup version 0.31-a0-164-g2312942fda (webtiles) character file.

Game seed: 17076518763396440343

2830 qw the Skirmisher (level 9, -1/86 HPs)
             Began as a Naga Hunter on June 13, 2023.
             Slain by a killer bee (5 damage)
             ... on level 7 of the Dungeon.
             The game lasted 00:02:31 (6827 turns).

qw the Skirmisher (Naga Hunter)                     Turns: 6827, Time: 00:02:32

Health: -1/86      AC: 14    Str: 14    XL:     9   Next: 73%
Magic:  9/9        EV: 11    Int: 10    God:
Gold:   98         SH:  0    Dex: 18    Spells: 8/8 levels left

rFire   . . .        Y - +0 orcbow
rCold   . . .        (shield currently unavailable)
rNeg    . . .        c - +0 leather armour
rPois   +            a - +2 helmet
rElec   .            (no cloak)
rCorr   .            h - +2 pair of gloves
SInv    +            (no barding)
Will    +....        (no amulet)
Stlth   ++           f - +4 ring of protection
HPRegen 0.34/turn    (no ring)
MPRegen 0.11/turn

%: no passive effects
@: short of breath, very slow
A: AC +3, large, see invisible, deformed body, poison resistance, slowness 2,
spit poison 1, naga tail 1
a: Spit Poison


You were on level 7 of the Dungeon.
You visited 1 branch of the dungeon, and saw 7 of its levels.

You collected 173 gold pieces.
You spent 75 gold pieces at shops.


Innate Abilities, Weirdness & Mutations

Your serpentine skin is tough. (AC +3)
You have supernaturally acute eyesight. (SInv)
Armour fits poorly on your strangely shaped body.
Your system is resistant to poisons. (rPois)
You cover ground very slowly.
You can spit poison.
You have a snake-like lower body.


   Skills:
 - Level 7.0 Fighting
 + Level 10.3 Ranged Weapons
 - Level 1.5 Armour
 - Level 3.2 Dodging
 - Level 1.5 Stealth


You had 8 spell levels left.
You didn't know any spells.
Your spell library was empty.

Inventory:

Hand Weapons
 Y - a +0 orcbow (weapon)
Armour
 a - a +2 helmet (worn)
 c - a +0 leather armour (worn)
 g - a +1 leather armour of fire resistance
 h - a +2 pair of gloves (worn)
 j - a +3 leather armour of poison resistance
Jewellery
 e - an amulet of faith
 f - a +4 ring of protection (left hand)
Scrolls
 b - a scroll of identify
 m - a scroll of vulnerability {unknown}
Potions
 d - a potion of cancellation
 i - a potion of might
 k - a potion of curing
 l - a potion of degeneration {unknown}
 n - a potion of ambrosia {unknown}
 p - a potion of attraction {unknown}

Dungeon Overview and Level Annotations

Branches:
Dungeon (7/15)
 Temple: D:4-7

Altars:
Elyvilon
Hepliaklqana
Nemelex Xobeh
Qazlal
Ru
Trog
Vehumet
Xom
Yredelemnul
Zin
The Shining One

Shops:
D:3 ?


Message History

You shoot an arrow.
The arrow closely misses the killer bee.
The killer bee stings you. The killer bee closely misses you.
The killer bee stings you but does no damage. x3
The killer bee closely misses you.
The killer bee stings you but does no damage.
The killer bee closely misses you.
You shoot an arrow. The arrow barely misses the killer bee.
You have got your breath back.
The killer bee stings you but does no damage.
The killer bee stings you. x2; The killer bee barely misses you.
The killer bee stings you. The killer bee completely misses you.
The killer bee stings you. The killer bee closely misses you.
6824 ||| INVOKING Spit Poison.
Aiming: Spit Poison (1% risk of failure)
Press: ? - help, Shift-Dir - straight line, f/p - killer bee The splash of poison hits the killer bee!
The killer bee is poisoned.
You kill the killer bee!
The killer bee stings you but does no damage.
The killer bee misses you. The killer bee completely misses you.
The killer bee barely misses you. The killer bee stings you. x2
You shoot an arrow. The arrow misses the killer bee.
The killer bee stings you.
The killer bee stings you but does no damage. x4
The killer bee stings you.
You shoot an arrow.
The arrow closely misses the killer bee.
You have got your breath back.
The killer bee stings you. The killer bee completely misses you.
The killer bee stings you. The killer bee barely misses you.
The killer bee stings you but does no damage.
The killer bee barely misses you.
6827 ||| INVOKING Spit Poison.
Aiming: Spit Poison (1% risk of failure)
Press: ? - help, Shift-Dir - straight line, f/p - killer bee The splash of poison misses the killer bee.
The killer bee stings you but does no damage.
The killer bee stings you.
You die...

########'###...##...##.......
#.....#....'...#........
#.....#)...#...##...##..
#.....#....#...##...##..
#..#'##...#######.......
####.###### ##...<...
#.......# #........ #.....y.#
#......>. #....@%.# #........
#...y.y.+ ##....... #.......#
######## ##.......# #########


You could see 3 killer bees.

Vanquished Creatures
  Grinder (D:5)
  Sigmund (D:2)
  Duvessa (D:7)
  2 water moccasins
  A black bear (D:6)
  A sky beast (D:6)
  2 ice beasts (D:6)
  An ogre (D:6)
  A centaur (D:5)
  A kobold brigand (D:7)
  A phantom (D:5)
  3 scorpions
  A bullfrog (D:6)
  4 wights
  Dowan (D:7)
  3 killer bees (D:7)
  2 hounds
  4 jellies
  7 orc priests
  2 sleepcaps
  5 iguanas
  Ijyb (D:4)
  An orc wizard (D:5)
  9 adders
  2 white imps
  2 ufetubi (D:6)
  A worm (D:2)
  3 dart slugs
  26 orcs
  9 ball pythons
  8 endoplasms
  2 giant cockroaches
  5 goblins
  15 hobgoblins
  10 jackals
  2 quokkas
  5 bats
  2 frilled lizards
  15 kobolds
  7 rats
170 creatures vanquished.

Vanquished Creatures (others)
  A centaur (D:6)
1 creature vanquished.

Grand Total: 171 creatures vanquished

Notes
Turn   | Place    | Note
-------+----------+-------------------------------------------
     0 | D:1      | qw the Naga Hunter began the quest for the Orb.
     0 | D:1      | Reached XP level 1. HP: 19/19 MP: 1/1
     0 | D:1      | 0 ||| qw: Version: 0.2-a-29-gc1b59c4
     0 | D:1      | 0 ||| qw: Game counter: 4493
     0 | D:1      | 0 ||| qw: Always use a shield: true
     0 | D:1      | 0 ||| qw: God list: Okawaru
     0 | D:1      | 0 ||| qw: Allow faded altars: false
     0 | D:1      | 0 ||| qw: Do Orc after D:15 true
     0 | D:1      | 0 ||| qw: Do second Lair branch before Depths: true
     0 | D:1      | 0 ||| qw: Lair rune preference: random
     0 | D:1      | 0 ||| qw: Plans: Normal
     0 | D:1      | 0 ||| PLANNING D:1-11
    19 | D:1      | 19 ||| INVOKING Spit Poison.
   106 | D:1      | 106 ||| INVOKING Spit Poison.
   119 | D:1      | 119 ||| INVOKING Spit Poison.
   178 | D:1      | Reached skill level 4 in Ranged Weapons
   178 | D:1      | Reached XP level 2. HP: 26/26 MP: 2/2
   195 | D:1      | 195 ||| INVOKING Spit Poison.
   200 | D:1      | 200 ||| INVOKING Spit Poison.
   284 | D:1      | 284 ||| INVOKING Spit Poison.
   290 | D:1      | 290 ||| INVOKING Spit Poison.
   293 | D:1      | 293 ||| INVOKING Spit Poison.
   301 | D:1      | 301 ||| INVOKING Spit Poison.
   387 | D:1      | 387 ||| INVOKING Spit Poison.
   458 | D:1      | 458 ||| INVOKING Spit Poison.
   486 | D:1      | 486 ||| INVOKING Spit Poison.
   520 | D:1      | 520 ||| INVOKING Spit Poison.
   625 | D:1      | 625 ||| INVOKING Spit Poison.
   626 | D:1      | 626 ||| INVOKING Spit Poison.
   914 | D:1      | 914 ||| UPGRADING to +4 ring of protection.
   915 | D:1      | 915 ||| READING scroll labelled CIFIER WALUBO.
   916 | D:1      | 916 ||| READING scroll labelled HIANEUPP ZIEHA.
   917 | D:1      | 917 ||| DROPPING scroll of butterflies.
  1028 | D:2      | 1028 ||| INVOKING Spit Poison.
  1030 | D:2      | Reached XP level 3. HP: 32/32 MP: 3/3
  1043 | D:2      | Noticed Sigmund
  1044 | D:2      | 1044 ||| INVOKING Spit Poison.
  1047 | D:2      | 1047 ||| INVOKING Spit Poison.
  1053 | D:2      | 1053 ||| INVOKING Spit Poison.
  1053 | D:2      | Killed Sigmund
  1054 | D:2      | Reached skill level 6 in Ranged Weapons
  1054 | D:2      | Reached XP level 4. HP: 25/39 MP: 4/4
  1054 | D:2      | Reached XP level 5. HP: 28/45 MP: 5/5
  1056 | D:2      | 1056 ||| FLEEEEING.
  1057 | D:2      | 1057 ||| FLEEEEING.
  1058 | D:2      | 1058 ||| FLEEEEING.
  1059 | D:2      | 1059 ||| STAIRDANCE
  1113 | D:1      | 1113 ||| UPGRADING to +0 helmet.
  1120 | D:2      | 1120 ||| INVOKING Spit Poison.
  1206 | D:2      | 1206 ||| INVOKING Spit Poison.
  1236 | D:2      | 1236 ||| INVOKING Spit Poison.
  1254 | D:2      | 1254 ||| INVOKING Spit Poison.
  1267 | D:2      | 1267 ||| INVOKING Spit Poison.
  1353 | D:2      | 1353 ||| INVOKING Spit Poison.
  1460 | D:2      | 1460 ||| INVOKING Spit Poison.
  1472 | D:2      | 1472 ||| INVOKING Spit Poison.
  1502 | D:2      | 1502 ||| INVOKING Spit Poison.
  1579 | D:2      | 1579 ||| INVOKING Spit Poison.
  1583 | D:2      | 1583 ||| INVOKING Spit Poison.
  1706 | D:2      | 1706 ||| INVOKING Spit Poison.
  2035 | D:2      | 2035 ||| UPGRADING to +0 pair of gloves.
  2066 | D:3      | 2066 ||| INVOKING Spit Poison.
  2079 | D:3      | Found a white marble altar of Elyvilon.
  2081 | D:3      | 2081 ||| INVOKING Spit Poison.
  2140 | D:3      | 2140 ||| INVOKING Spit Poison.
  2146 | D:3      | 2146 ||| INVOKING Spit Poison.
  2147 | D:3      | Reached XP level 6. HP: 55/55 MP: 6/6
  2198 | D:3      | 2198 ||| INVOKING Spit Poison.
  2204 | D:3      | 2204 ||| Stepping ~*~*~tactically~*~*~ (outnumbered).
  2205 | D:3      | 2205 ||| INVOKING Spit Poison.
  2209 | D:3      | 2209 ||| INVOKING Spit Poison.
  2211 | D:3      | Reached skill level 3 in Fighting
  2213 | D:3      | 2213 ||| INVOKING Spit Poison.
  2367 | D:3      | 2367 ||| INVOKING Spit Poison.
  2387 | D:3      | 2387 ||| INVOKING Spit Poison.
  2393 | D:3      | 2393 ||| INVOKING Spit Poison.
  2398 | D:3      | 2398 ||| INVOKING Spit Poison.
  2400 | D:3      | Found a faded altar of an unknown god.
  2401 | D:3      | Found Umuuh's Magic Scroll Shop.
  2409 | D:3      | 2409 ||| BUYING scroll of enchant armour (75 gold).
  2409 | D:3      | Bought a scroll of enchant armour for 75 gold pieces
  2409 | D:3      | 2409 ||| SHOPLISTING scroll of identify (20 gold, have 3).
  2409 | D:3      | 2409 ||| SHOPLISTING scroll of teleportation (30 gold, have
                  | 3).
  2409 | D:3      | 2409 ||| READING scroll of enchant armour.
  2409 | D:3      | 2409 ||| ENCHANTING +0 pair of gloves.
  2435 | D:3      | 2435 ||| INVOKING Spit Poison.
  2519 | D:3      | 2519 ||| INVOKING Spit Poison.
  2577 | D:3      | 2577 ||| INVOKING Spit Poison.
  2598 | D:3      | 2598 ||| INVOKING Spit Poison.
  2601 | D:3      | Found a glowing golden altar of the Shining One.
  2604 | D:3      | 2604 ||| INVOKING Spit Poison.
  2605 | D:3      | 2605 ||| INVOKING Spit Poison.
  2724 | D:3      | 2724 ||| READING scroll labelled BIUGRO NUIFEI.
  2725 | D:3      | 2725 ||| READING scroll labelled UTAIPYFOJO.
  2750 | D:4      | 2750 ||| INVOKING Spit Poison.
  2755 | D:4      | 2755 ||| INVOKING Spit Poison.
  2813 | D:4      | 2813 ||| INVOKING Spit Poison.
  2817 | D:4      | 2817 ||| INVOKING Spit Poison.
  2821 | D:4      | 2821 ||| INVOKING Spit Poison.
  2844 | D:4      | 2844 ||| INVOKING Spit Poison.
  2887 | D:4      | 2887 ||| INVOKING Spit Poison.
  2948 | D:4      | Found a hazy altar of Hepliaklqana.
  2950 | D:4      | Found a radiant altar of Vehumet.
  2954 | D:4      | Found a bloodstained altar of Trog.
  2954 | D:4      | Found a stormy altar of Qazlal.
  2954 | D:4      | Found a basalt altar of Yredelemnul.
  3075 | D:4      | 3075 ||| INVOKING Spit Poison.
  3082 | D:4      | 3082 ||| INVOKING Spit Poison.
  3109 | D:4      | 3109 ||| INVOKING Spit Poison.
  3138 | D:4      | 3138 ||| READING scroll of enchant armour.
  3138 | D:4      | 3138 ||| ENCHANTING +1 pair of gloves.
  3221 | D:4      | Found a sacrificial altar of Ru.
  3290 | D:4      | 3290 ||| INVOKING Spit Poison.
  3313 | D:4      | 3313 ||| INVOKING Spit Poison.
  3317 | D:4      | 3317 ||| INVOKING Spit Poison.
  3320 | D:4      | 3320 ||| INVOKING Spit Poison.
  3326 | D:4      | 3326 ||| INVOKING Spit Poison.
  3472 | D:4      | Noticed Ijyb
  3474 | D:4      | 3474 ||| INVOKING Spit Poison.
  3480 | D:4      | 3480 ||| INVOKING Spit Poison.
  3480 | D:4      | Killed Ijyb
  3481 | D:4      | Reached XP level 7. HP: 60/64 MP: 7/7
  3508 | D:4      | 3508 ||| READING 2 scrolls labelled KOLLEY NEWEAT.
  3513 | D:4      | 3513 ||| DRINKING 2 red potions.
  3514 | D:4      | 3514 ||| READING 3 scrolls of identify.
  3514 | D:4      | 3514 ||| IDENTIFYING viscous brown potion
  3515 | D:4      | 3515 ||| READING 2 scrolls of identify.
  3515 | D:4      | 3515 ||| IDENTIFYING lumpy brown potion
  3516 | D:4      | 3516 ||| DROPPING potion of lignification.
  3517 | D:4      | 3517 ||| DROPPING potion of berserk rage.
  3547 | D:5      | Entered Level 5 of the Dungeon
  3595 | D:5      | Noticed Grinder
  3609 | D:5      | Paralysed by Grinder for 3 turns
  3616 | D:5      | Killed Grinder
  3617 | D:5      | Reached skill level 7 in Ranged Weapons
  3631 | D:5      | 3631 ||| INVOKING Spit Poison.
  3632 | D:5      | 3632 ||| INVOKING Spit Poison.
  3634 | D:5      | 3634 ||| Stepping ~*~*~tactically~*~*~ (outnumbered).
  3639 | D:5      | 3639 ||| INVOKING Spit Poison.
  3645 | D:5      | 3645 ||| INVOKING Spit Poison.
  3773 | D:5      | 3773 ||| INVOKING Spit Poison.
  3778 | D:5      | 3778 ||| INVOKING Spit Poison.
  3784 | D:5      | 3784 ||| INVOKING Spit Poison.
  3820 | D:5      | 3820 ||| INVOKING Spit Poison.
  3823 | D:5      | Reached skill level 1 in Armour
  3825 | D:5      | 3825 ||| INVOKING Spit Poison.
  3831 | D:5      | 3831 ||| INVOKING Spit Poison.
  3835 | D:5      | Reached XP level 8. HP: 60/72 MP: 8/8
  3922 | D:5      | 3922 ||| SWAPPING to +0 orcbow.
  3935 | D:5      | Reached skill level 8 in Ranged Weapons
  3935 | D:5      | 3935 ||| DROPPING +1 shortbow.
  3946 | D:5      | 3946 ||| INVOKING Spit Poison.
  3951 | D:5      | 3951 ||| INVOKING Spit Poison.
  3986 | D:5      | 3986 ||| INVOKING Spit Poison.
  4042 | D:5      | 4042 ||| INVOKING Spit Poison.
  4045 | D:5      | 4045 ||| INVOKING Spit Poison.
  4220 | D:5      | 4220 ||| INVOKING Spit Poison.
  4225 | D:5      | 4225 ||| INVOKING Spit Poison.
  4229 | D:5      | 4229 ||| INVOKING Spit Poison.
  4241 | D:5      | 4241 ||| INVOKING Spit Poison.
  4253 | D:5      | 4253 ||| INVOKING Spit Poison.
  4259 | D:5      | 4259 ||| INVOKING Spit Poison.
  4270 | D:5      | 4270 ||| INVOKING Spit Poison.
  4273 | D:5      | 4273 ||| INVOKING Spit Poison.
  4345 | D:5      | 4345 ||| INVOKING Spit Poison.
  4353 | D:5      | 4353 ||| INVOKING Spit Poison.
  4405 | D:5      | 4405 ||| INVOKING Spit Poison.
  4410 | D:5      | 4410 ||| INVOKING Spit Poison.
  4416 | D:5      | 4416 ||| INVOKING Spit Poison.
  4423 | D:5      | 4423 ||| INVOKING Spit Poison.
  4430 | D:5      | 4430 ||| INVOKING Spit Poison.
  4444 | D:5      | 4444 ||| INVOKING Spit Poison.
  4519 | D:5      | Found a sparkling altar of Nemelex Xobeh.
  4743 | D:5      | 4743 ||| READING scroll labelled ALANIV KU WUFF.
  4744 | D:5      | 4744 ||| DRINKING 2 yellow potions.
  4745 | D:5      | 4745 ||| DRINKING 2 orange potions.
  4746 | D:5      | 4746 ||| DROPPING potion of enlightenment.
  4818 | D:6      | 4818 ||| INVOKING Spit Poison.
  4914 | D:6      | HP: 18/74 [ice beast (14)]
  4915 | D:6      | 4915 ||| READING 2 scrolls of teleportation.
  5104 | D:6      | 5104 ||| INVOKING Spit Poison.
  5106 | D:6      | Reached skill level 9 in Ranged Weapons
  5108 | D:6      | 5108 ||| INVOKING Spit Poison.
  5112 | D:6      | 5112 ||| INVOKING Spit Poison.
  5117 | D:6      | 5117 ||| READING scroll of enchant armour.
  5117 | D:6      | 5117 ||| ENCHANTING +0 helmet.
  5172 | D:6      | 5172 ||| INVOKING Spit Poison.
  5312 | D:6      | 5312 ||| INVOKING Spit Poison.
  5315 | D:6      | 5315 ||| INVOKING Spit Poison.
  5445 | D:6      | Reached skill level 6 in Fighting
  5445 | D:6      | Reached XP level 9. HP: 67/85 MP: 9/9
  5557 | D:6      | 5557 ||| INVOKING Spit Poison.
  5566 | D:6      | 5566 ||| INVOKING Spit Poison.
  5569 | D:6      | 5569 ||| INVOKING Spit Poison.
  5577 | D:6      | 5577 ||| INVOKING Spit Poison.
  5589 | D:6      | Found a glowing silver altar of Zin.
  5589 | D:6      | Noticed an angel
  5617 | D:6      | Found a shimmering altar of Xom.
  5742 | D:6      | 5742 ||| INVOKING Spit Poison.
  5743 | D:6      | Reached skill level 3 in Dodging
  5902 | D:6      | 5902 ||| READING scroll labelled OCUUFELU RYEC.
  5903 | D:6      | 5903 ||| READING 4 scrolls of identify.
  5903 | D:6      | 5903 ||| IDENTIFYING grey potion
  5904 | D:6      | 5904 ||| READING 3 scrolls of identify.
  5904 | D:6      | 5904 ||| IDENTIFYING pink potion
  5905 | D:6      | 5905 ||| READING 2 scrolls of identify.
  5905 | D:6      | 5905 ||| IDENTIFYING puce potion
  5906 | D:6      | 5906 ||| DROPPING potion of magic.
  5941 | D:7      | Noticed Duvessa
  5943 | D:7      | 5943 ||| STAIRDANCE
  5952 | D:6      | HP: 18/75 [wight/+5 long sword (4)]
  5953 | D:6      | 5953 ||| READING scroll of teleportation.
  5953 | D:6      | HP: 5/75 [wight/+5 long sword (13)]
  5953 | D:6      | HP: 1/72 [wight/+5 long sword (4)]
  5954 | D:6      | 5954 ||| DRINKING potion of heal wounds.
  6280 | D:7      | 6280 ||| Stepping ~*~*~tactically~*~*~ (outnumbered).
  6281 | D:7      | 6281 ||| INVOKING Spit Poison.
  6284 | D:7      | 6284 ||| INVOKING Spit Poison.
  6290 | D:7      | 6290 ||| INVOKING Spit Poison.
  6295 | D:7      | 6295 ||| INVOKING Spit Poison.
  6298 | D:7      | 6298 ||| INVOKING Spit Poison.
  6305 | D:7      | 6305 ||| INVOKING Spit Poison.
  6360 | D:7      | 6360 ||| INVOKING Spit Poison.
  6363 | D:7      | 6363 ||| INVOKING Spit Poison.
  6369 | D:7      | 6369 ||| INVOKING Spit Poison.
  6455 | D:7      | 6455 ||| INVOKING Spit Poison.
  6484 | D:7      | Noticed Dowan
  6487 | D:7      | 6487 ||| INVOKING Spit Poison.
  6490 | D:7      | 6490 ||| INVOKING Spit Poison.
  6496 | D:7      | 6496 ||| INVOKING Spit Poison.
  6500 | D:7      | Killed Duvessa
  6503 | D:7      | 6503 ||| INVOKING Spit Poison.
  6508 | D:7      | 6508 ||| INVOKING Spit Poison.
  6511 | D:7      | Reached skill level 10 in Ranged Weapons
  6512 | D:7      | Killed Dowan
  6515 | D:7      | 6515 ||| INVOKING Spit Poison.
  6682 | D:7      | 6682 ||| READING scroll of enchant armour.
  6682 | D:7      | 6682 ||| ENCHANTING +1 helmet.
  6750 | D:7      | 6750 ||| INVOKING Spit Poison.
  6801 | D:7      | 6801 ||| INVOKING Spit Poison.
  6807 | D:7      | 6807 ||| INVOKING Spit Poison.
  6812 | D:7      | 6812 ||| INVOKING Spit Poison.
  6817 | D:7      | 6817 ||| INVOKING Spit Poison.
  6821 | D:7      | 6821 ||| INVOKING Spit Poison.
  6824 | D:7      | 6824 ||| INVOKING Spit Poison.
  6824 | D:7      | HP: 20/86 [killer bee (5)]
  6826 | D:7      | HP: 4/86 [killer bee (6)]
  6827 | D:7      | 6827 ||| INVOKING Spit Poison.
  6827 | D:7      | Slain by a killer bee

Levels and vault maps discovered:
D:1:      nicolae_arrival_memento_mori, layout_basic,
          chequers_serial_rivers_small_3
D:2:      layout_basic, kennysheep_generic_room_9, uniq_sigmund
D:3:      layout_basic, mainiacjoe_overflow_surrounded_room, elyvilon_altar_3,
          hellmonk_ecumenical_altar_dog_temple, serial_shops, shop
D:4:      layout_loops_cross, nicolae_ru_path_of_blood,
          grunt_temple_overflow_open, chequers_arboretum, uniq_ijyb
D:5:      corexii_shack_village, layout_basic, nemelex_diamond_rough_becter,
          uniq_grinder
D:6:      layout_basic, grunt_temple_overflow_order_and_chaos_1,
          nrook_mini_backslash, sigmund_army
D:7:      layout_gridville, minmay_temple_entry_large_hall,
          david_defended_altar_orc, uniq_joseph, uniq_menkaure, uniq_duvessa

Skill      XL: |  1  2  3  4  5  6  7  8  9 |
---------------+----------------------------+-----
Ranged Weapons | 4 6 7 9 10 | 10.3
Fighting       | 4 6 7 |  7.0
Dodging        | 2 3 |  3.2
Armour         | 1 |  1.5
Stealth        | |  1.5

Action                     |  1- 3 |  4- 6 |  7- 9 || total
---------------------------+-------+-------+-------++-------
   Fire: Shortbow          |    43 |   114 |    53 ||   210
         Orcbow            |       |       |   284 ||   284
Ability: Spit Poison       |    18 |    46 |    66 ||   130
    Use: Scroll            |     2 |     4 |    12 ||    18
         Potion            |       |       |     4 ||     4
 Armour: Leather armour    |     9 |    21 |   153 ||   183
  Dodge: Dodged            |     5 |    23 |   167 ||   195

Table legend:
 A = Non-vault XP
 B = Vault XP
 C = Vault XP percentage of total XP
 D = Non-vault monster count
 E = Vault monster count
 F = Vault count percentage of total count
                 A         B        C        D         E       F
            +---------+---------+-------+---------+---------+-------
      Total |    3129 |     915 |  22.6 |     147 |      23 |  13.5
            +---------+---------+-------+---------+---------+-------
        D:1 |      30 |       0 |   0.0 |      19 |       0 |   0.0
        D:2 |      60 |     216 |  78.3 |      22 |       2 |   8.3
        D:3 |      57 |       4 |   6.6 |      21 |       2 |   8.7
        D:4 |     235 |      35 |  13.0 |      19 |       1 |   5.0
        D:5 |     670 |     319 |  32.3 |      26 |      12 |  31.6
        D:6 |    1207 |       2 |   0.2 |      17 |       1 |   5.6
        D:7 |     870 |     339 |  28.0 |      23 |       5 |  17.9
            +---------+---------+-------+---------+---------+-------
